 Dungeon Crawl Stone Soup version 0.22-a0-412-g2b68d14 (webtiles) character file.

90197 raistware the Devastator (level 15, -4/90 HPs)
             Began as a Mummy Wizard on May 10, 2018.
             Was an Initiate of Gozag.
             Slain by a salamander
             ... wielding a +1 halberd of venom
              (15 damage)
             ... on level 2 of the Snake Pit on May 12, 2018.
             The game lasted 04:17:50 (36458 turns).

raistware the Devastator (Mummy Wizard)            Turns: 36458, Time: 04:17:52

Health: -4/90      AC:  7    Str: 13    XL:     15   Next: 51%
Magic:  41/41      EV: 15    Int: 24    God:    Gozag
Gold:   3112       SH:  0    Dex: 10    Spells: 8/40 levels left

rFire    . . .     SeeInvis .   F - staff of fire
rCold    + . .     Gourm    .   (no shield)
rNeg     + + +     Faith    .   t - +2 robe {Archmagi}
rPois    ∞         Spirit   .   V - +2 hat
rElec    .         Reflect  .   L - scarf {repulsion}
rCorr    .         Harm     .   r - +0 pair of gloves "Eherhaw" {MR+ Str+2}
MR       ++...                  (no boots)
Stlth    ++........             G - amulet of magic regeneration
HPRegen  0.25/turn              q - ring of magical power
MPRegen  0.52/turn              B - +3 ring of evasion

@: gold aura, repel missiles
A: no food or potions, fire vulnerability, cold resistance 1, negative energy
resistance 3, torment resistance, unbreathing, in touch with death 1
a: Potion Petition, Call Merchant, Bribe Branch, Renounce Religion


You were on level 2 of the Snake Pit.
You worshipped Gozag.
Gozag was most pleased with you.
You were not hungry.

You visited 4 branches of the dungeon, and saw 22 of its levels.
You also visited: Labyrinth, Ossuary and Ice Cave.

You collected 9153 gold pieces.
You spent 5248 gold pieces at shops.
You paid 793 gold pieces to Gozag.

Inventory:

Hand Weapons
 u - a +3 whip of electrocution
 C - a +1 war axe of electrocution
 P - the +4 quarterstaff of the Vaults {venom, +Inv Str-2 Dex+7 SInv}
   (You bought it in a shop on level 2 of the Orcish Mines)

   It poisons the flesh of those it strikes.
   It affects your strength (-2).
   It affects your dexterity (+7).
   It lets you see invisible.
   It lets you turn invisible.
 Q - the +11 great sword "Lifebane" {slice, Int+2}
   (You bought it in a shop on level 2 of the Orcish Mines)

   It inflicts extra damage upon your enemies.
   It affects your intelligence (+2).
Missiles
 N - 7 tomahawks of returning (quivered)
Armour
 k - the +1 robe of the Frog {+Inv rC+}
   (You found it on level 6 of the Dungeon)

   It protects you from cold.
   It lets you turn invisible.
 o - a +2 robe of magic resistance
 r - the +0 pair of gloves "Eherhaw" (worn) {MR+ Str+2}
   (You found it on level 5 of the Dungeon)

   It affects your strength (+2).
   It affects your resistance to hostile enchantments.
 t - a +2 robe of the Archmagi (worn)
 D - a +2 pair of gloves
 L - a scarf of repulsion (worn)
 O - a +2 cloak
 V - a +2 hat (worn)
Magical Staves
 F - an uncursed staff of fire (weapon)
Jewellery
 a - an uncursed ring of see invisible
 b - an uncursed ring of stealth
 d - an uncursed amulet of regeneration
 f - an uncursed ring of protection from cold
 g - a cursed ring of resist corrosion
 l - an uncursed ring of ice
 q - a ring of magical power (left hand)
 s - an uncursed ring of protection from magic
 z - an uncursed amulet of the acrobat
 B - a +3 ring of evasion (right hand)
 E - a cursed ring of teleportation
 G - an amulet of magic regeneration (around neck)
 R - an uncursed ring of protection from fire
 T - an uncursed ring of fire
Wands
 e - a wand of polymorph (25)
 n - a wand of paralysis (14)
 p - a wand of clouds (1)
 x - a wand of flame (8)
 A - a wand of enslavement (13)
 H - a wand of scattershot (1)
 K - a wand of random effects (26)
 M - a wand of iceblast (18)
 S - a wand of digging (13)
Scrolls
 c - 10 scrolls of remove curse
 h - 4 scrolls of enchant armour
 i - 9 scrolls of identify
 m - 6 scrolls of fog
 w - 3 scrolls of immolation
 y - 4 scrolls of noise
 J - a scroll of enchant weapon
 W - a scroll of magic mapping
 X - a scroll of teleportation
Miscellaneous
 v - a crystal ball of energy


   Skills:
 - Level 1.5 Dodging
 - Level 1.5 Stealth
 + Level 13.1 Spellcasting
 * Level 17.9 Conjurations
   Level 0.7 Summonings
 - Level 0.7 Translocations
 * Level 10.9 Fire Magic


You had 8 spell levels left.
You knew the following spells:

 Your Spells              Type           Power        Failure   Level  Hunger
a - Magic Dart            Conj           ####         0%          1    N/A
b - Blink                 Tloc           N/A          4%          2    N/A
c - Fire Storm            Conj/Fire      ########..   100%        9    N/A
d - Conjure Flame         Conj/Fire      ########     1%          3    N/A
e - Mephitic Cloud        Conj/Pois/Air  ######..     1%          3    N/A
f - Lightning Bolt        Conj/Air       ######....   2%          5    N/A
g - Sticky Flame          Conj/Fire      ########     1%          4    N/A
h - Fireball              Conj/Fire      ########..   1%          5    N/A

Your spell library contained the following spells:

 Spells                   Type           Power        Failure   Level  Hunger
 Slow                     Hex            ###.....     6%          2    N/A
 Invisibility             Hex            ###.....     99%         6    N/A
 Throw Flame              Conj/Fire      ######       0%          2    N/A
 Death's Door             Chrm/Necr      #####.....   100%        8    N/A
 Summon Small Mammal      Summ           ####         2%          1    N/A
 Lehudib's Crystal Spear  Conj/Erth      ######....   99%         8    N/A
 Haunt                    Necr/Summ      #####.....   100%        7    N/A
 Borgnjor's Revivificati  Necr           #####.....   100%        8    N/A
 Summon Ice Beast         Ice/Summ       ####....     32%         4    N/A
 Call Imp                 Summ           ####....     4%          2    N/A
 Poison Arrow             Conj/Pois      ######....   14%         6    N/A
 Stone Arrow              Conj/Erth      ######       1%          3    N/A
 Shock                    Conj/Air       ####         1%          1    N/A
 Swiftness                Chrm/Air       ###.....     6%          2    N/A
 Spider Form              Tmut/Pois      ###.......   12%         3    N/A
 Blade Hands              Tmut           ###.......   71%         5    N/A
 Ice Form                 Ice/Tmut       ###.....     36%         4    N/A
 Necromutation            Tmut/Necr      #####.....   100%        8    N/A
 Glaciate                 Conj/Ice       ######....   100%        9    N/A
 Airstrike                Air            ###.......   36%         4    N/A
 Flame Tongue             Conj/Fire      #####        0%          1    N/A
 Passwall                 Tmut/Erth      ###.......   6%          2    N/A
 Sticks to Snakes         Tmut           ###.....     6%          2    N/A
 Call Canine Familiar     Summ           ####....     9%          3    N/A
 Summon Butterflies       Summ           ####....     2%          1    N/A
 Static Discharge         Conj/Air       ######..     1%          3    N/A
 Lee's Rapid Deconstruct  Erth           ###.......   71%         5    N/A
 Sandblast                Erth           ###...       3%          1    N/A
 Chain Lightning          Conj/Air       ######....   99%         8    N/A
 Petrify                  Tmut/Erth      ###.....     36%         4    N/A
 Passage of Golubria      Tloc           N/A          28%         4    N/A
 Summon Hydra             Summ           ####......   100%        7    N/A
 Darkness                 Hex            ###.......   99%         6    N/A
 Inner Flame              Hex/Fire       #######.     1%          3    N/A
 Beastly Appendage        Tmut           ###...       3%          1    N/A
 Summon Lightning Spire   Summ/Air       ####....     32%         4    N/A
 Summon Guardian Golem    Hex/Summ       ####....     10%         3    N/A
 Summon Mana Viper        Hex/Summ       ####....     67%         5    N/A
 Infestation              Necr           #####.....   100%        8    N/A

Dungeon Overview and Level Annotations

Branches:
Dungeon (12/15)            Temple (0/1) D:7            Lair (6/6) D:10
 Shoals (0/4) Lair:3        Snake (2/4) Lair:2        Slime (0/5) Lair:6
    Orc (2/2) D:10            Elf (0/3) Orc:2

Altars:
Gozag
Kikubaaqudgha
Okawaru
Qazlal
Sif Muna
Vehumet
Yredelemnul
Beogh
Jiyva

Shops:
D:5 ?   D:7 :   D:10 [[}}*   Orc:1 (   Orc:2 [=(*

Annotations:
D:7 4 runed doors, exclusion: 4 doors, Duvessa


Innate Abilities, Weirdness & Mutations

You do not eat or drink.
Your flesh is vulnerable to fire.
You are immune to poison.
Your flesh is cold resistant. (rC+)
You are immune to negative energy. (rN+++)
You are immune to unholy pain and torment.
You can survive without breathing.
You are in touch with the powers of death.


Message History

The salamander hits you from afar with a halberd of venom.
* * * LOW HITPOINT WARNING * * *
You are engulfed in flames!
* * * LOW HITPOINT WARNING * * *
Evoke which item? (* to show all) (? for menu, Esc to quit)
Aiming: Iceblast
Press: ? - help, Shift-Dir - straight line, f - salamander
Aim: a salamander, wielding a halberd of venom (heavily wounded, fast)
The mass of ice explodes!
The iceblast engulfs the salamander.
The salamander is frozen!
The salamander is almost dead.
The iceblast engulfs the salamander.
The salamander is frozen!
You kill the salamander!
The iceblast engulfs the salamander.
The salamander is severely wounded.
The salamander hits you from afar with a halberd of venom.
* * * LOW HITPOINT WARNING * * *
You are engulfed in flames!
You die...
Your body crumbles into a pile of gold.

#.##..###...##........#
#.#######...##........#
#..#.###.....##$......#
###...##....###$......#
##......#....##........#
##...........###.N......#
##............####(..N...#
##..............###(......#
#...............@##NN.....#
..................#..(....#
###..............NN$....<.#
###.............>.........#
..........................#
...............(..........#
....................!!....#
..........................#
..........................#


You could see 2 salamanders.

Vanquished Creatures
  Saint Roka (Orc:2)
  A frost giant (IceCv)
  Aizul (Snake:1)
  An orc warlord (Orc:1)
  A dire elephant (Lair:6)
  Snorg (D:10)
  4 hydras
  An ice dragon (Lair:6)
  2 naga warriors (Snake:1)
  2 catoblepae (Lair:6)
  3 anacondas
  5 two-headed ogres
  9 death yaks
  2 orc high priests
  2 naga sharpshooters (Snake:1)
  3 skeletal warriors (D:12)
  A deep troll (Orc:2)
  Pikel (D:5)
  2 mana vipers (Snake:1)
  4 lindwurms
  8 orc knights
  An ugly thing (D:11)
  6 orc sorcerers
  3 oklob plants (Lair:4)
  2 manticores (Lair:6)
  A salamander (Snake:2)
  Maurice (Orc:1)
  9 black mambas
  8 elephants
  An ice statue (IceCv)
  11 spiny frogs
  6 torpor snails
  7 rime drakes
  3 naga magi
  3 komodo dragons
  12 polar bears
  A queen bee (Lair:1)
  3 tyrant leeches (Lair:6)
  6 trolls
  7 hornets (Lair:6)
  Grinder (D:5)
  10 blink frogs
  7 hippogriffs
  5 dream sheep
  Sigmund (D:5)
  A redback (Lab)
  A water elemental (D:11)
  A wraith (D:11)
  24 yaks
  3 wyverns
  9 basilisks
  3 hungry ghosts (D:8)
  3 steam dragons
  Menkaure (D:6)
  4 soldier ants
  8 nagas
  A harpy simulacrum (D:10)
  10 wargs
  9 water moccasins
  8 porcupines
  29 orc warriors
  A phantom (D:6)
  2 ice beasts
  A sky beast (D:6)
  3 slaves (D:5)
  A black bear (Lair:4)
  24 wolves
  2 necrophages
  13 ogres
  3 centaurs
  18 crocodiles
  A big kobold (D:8)
  7 bullfrogs
  A water moccasin zombie (Ossuary)
  A scorpion (D:7)
  Dowan (D:7)
  20 killer bees (Lair:1)
  10 wights
  4 electric eels
  4 crimson imps
  A bullfrog zombie (D:8)
  3 centaur zombies (D:10)
  4 jellies
  22 orc priests
  2 bullfrog skeletons
  3 centaur skeletons
  13 hounds
  Ijyb (D:3)
  An iguana (D:5)
  27 orc wizards
  14 worker ants
  2 big kobold zombies (Ossuary)
  2 mummies (Ossuary)
  2 worker ant zombies
  Robin (D:2)
  A howler monkey skeleton (D:8)
  7 adders
  2 shadow imps
  3 oozes (Lair:6)
  8 adder zombies
  3 worms
  A leopard gecko (D:4)
  79 orcs
  10 bats
  A gnoll zombie (Ossuary)
  9 goblins
  8 hobgoblins
  14 jackals
  4 quokkas
  3 frilled lizards
  5 hobgoblin zombies (Ossuary)
  11 kobolds
  5 kobold zombies (Ossuary)
  8 orc zombies (Ossuary)
  A quokka skeleton (D:4)
  A quokka zombie (D:8)
  2 rats
  2 fungi (Lair:6)
  5 plants
693 creatures vanquished.

Vanquished Creatures (collateral kills)
  A phantom (D:5)
  A wolf (IceCv)
  2 killer bees (Lair:1)
  A crimson imp (D:2)
  2 goblins (D:2)
  A kobold (D:2)
8 creatures vanquished.

Vanquished Creatures (others)
  7 polar bears (IceCv)
  A centaur (D:5)
  9 wolves (IceCv)
  A killer bee (Lair:1)
  21 fungi
  20 plants
59 creatures vanquished.

Grand Total: 760 creatures vanquished

Notes
Turn   | Place    | Note
-------+----------+-------------------------------------------
     0 | D:1      | raistware the Mummy Wizard began the quest for the Orb.
     0 | D:1      | Reached XP level 1. HP: 13/13 MP: 5/5
    81 | D:1      | Reached skill level 1 in Conjurations
   314 | D:1      | Reached XP level 2. HP: 19/19 MP: 5/7
   320 | D:1      | Learned a level 2 spell: Blink
   323 | D:1      | Learned a level 2 spell: Call Imp
   413 | D:1      | Found an ancient bone altar of Kikubaaqudgha.
   887 | D:2      | Reached skill level 2 in Conjurations
   907 | D:2      | Found an opulent altar of Gozag.
   907 | D:2      | Noticed a crimson imp
   908 | D:2      | Found a radiant altar of Vehumet.
   950 | D:2      | Found a transporter.
   958 | D:2      | Found a transporter.
  1039 | D:2      | Became a worshipper of Gozag Ym Sagoz the Greedy
  1039 | D:2      | Killed a crimson imp
  1039 | D:2      | Reached XP level 3. HP: 3/24 MP: 1/9
  1451 | D:2      | Learned a level 3 spell: Conjure Flame
  1455 | D:2      | Learned a level 3 spell: Mephitic Cloud
  1829 | D:2      | Reached skill level 5 in Spellcasting
  1829 | D:2      | Reached XP level 4. HP: 11/30 MP: 0/11
  1998 | D:2      | Noticed Robin
  2005 | D:2      | Killed Robin
  2005 | D:2      | Reached skill level 3 in Conjurations
  2454 | D:3      | Found a deep blue altar of Sif Muna.
  2937 | D:3      | Noticed Ijyb
  3014 | D:3      | Killed Ijyb
  3014 | D:3      | Reached XP level 5. HP: 35/35 MP: 2/12
  3245 | D:4      | Found a stormy altar of Qazlal.
  3265 | D:4      | Reached skill level 4 in Conjurations
  3428 | D:4      | Reached XP level 6. HP: 29/41 MP: 5/13
  4186 | D:5      | Entered Level 5 of the Dungeon
  4294 | D:5      | Noticed an ice beast
  4299 | D:5      | Reached skill level 5 in Conjurations
  4325 | D:5      | Killed an ice beast
  4347 | D:5      | Got a pair of shimmering gloves
  4358 | D:5      | Identified the +0 pair of gloves "Eherhaw" {MR+ Str+2} (You found it on level 5 of the Dungeon)
  4552 | D:5      | Reached XP level 7. HP: 39/46 MP: 14/14
  4597 | D:5      | Noticed Sigmund
  4605 | D:5      | Killed Sigmund
  4605 | D:5      | Reached skill level 6 in Conjurations
  4833 | D:5      | Noticed Pikel
  4857 | D:5      | Killed Pikel
  4857 | D:5      | Reached skill level 7 in Conjurations
  4857 | D:5      | Reached XP level 8. HP: 8/52 MP: 11/15
  4926 | D:5      | Found Vanlafeith's Magic Scroll Shop.
  4929 | D:5      | Bought a scroll of fear for 38 gold pieces
  4929 | D:5      | Bought a scroll of enchant armour for 82 gold pieces
  4929 | D:5      | Bought a scroll of amnesia for 38 gold pieces
  4929 | D:5      | Bought a scroll of teleportation for 33 gold pieces
  5131 | D:5      | Noticed Grinder
  5161 | D:5      | Killed Grinder
  5161 | D:5      | Reached skill level 8 in Conjurations
  5858 | D:6      | Reached skill level 9 in Conjurations
  5891 | D:6      | Noticed Menkaure
  5915 | D:6      | Killed Menkaure
  6160 | D:6      | Reached XP level 9. HP: 48/57 MP: 0/16
  6207 | D:6      | Found a basalt altar of Yredelemnul.
  6211 | D:6      | Got a fabulously ornate robe
  6242 | D:6      | Identified the +1 robe of the Frog {+Inv rC+} (You found it on level 6 of the Dungeon)
  6776 | D:6      | Reached skill level 10 in Conjurations
  6861 | D:7      | Found a huge runed gate.
  6862 | D:7      | Found a huge runed gate.
  6866 | D:7      | Noticed a polar bear
  6867 | D:7      | Found a huge runed gate.
  6867 | D:7      | Noticed a manticore
  6868 | D:7      | Noticed a manticore
  6874 | D:7      | Found a huge runed gate.
  6874 | D:7      | Noticed a polar bear
  6951 | D:7      | Found a staircase to the Ecumenical Temple.
  7182 | D:7      | Noticed Duvessa
  7182 | D:7      | Noticed Dowan
  7223 | D:7      | Killed Dowan
  7626 | D:8      | Noticed a two-headed ogre
  7631 | D:8      | Found a sand-covered staircase.
  7641 | D:8      | Killed a two-headed ogre
  7641 | D:8      | Reached skill level 11 in Conjurations
  7650 | Ossuary  | Entered an ossuary
  8060 | D:8      | Reached XP level 10. HP: 63/63 MP: 15/17
  8305 | D:8      | Reached skill level 12 in Conjurations
  8683 | D:8      | Noticed a two-headed ogre
  8694 | D:8      | HP: 3/63 [two-headed ogre/giant club (16)]
  8695 | D:8      | Killed a two-headed ogre
  8825 | D:9      | Noticed a two-headed ogre
  8927 | D:9      | Killed a two-headed ogre
  9160 | D:9      | Noticed a two-headed ogre
  9168 | D:9      | Killed a two-headed ogre
  9168 | D:9      | Reached skill level 13 in Conjurations
  9468 | D:10     | Entered Level 10 of the Dungeon
  9731 | D:10     | Noticed Snorg
  9751 | D:10     | Killed Snorg
  9751 | D:10     | Reached XP level 11. HP: 63/68 MP: 6/18
  9776 | D:10     | Found a staircase to the Orcish Mines.
  9779 | D:10     | Found Selag's Gadget Emporium.
  9783 | D:10     | Found Rakhuil's Gadget Shoppe.
 10081 | D:10     | Found Cesytuacha's Armour Shoppe.
 10082 | D:10     | Found Kaoskil's Antique Armour Boutique.
 10267 | D:10     | Reached skill level 14 in Conjurations
 10333 | D:10     | Bought a scorched leather armour for 161 gold pieces
 10336 | D:10     | Identified the cursed +0 leather armour of the Demon Prince {-Cast rN+++ Regen+ Str+4} (You bought it in a shop on level 10 of the Dungeon)
 10507 | D:10     | Learned a level 5 spell: Lightning Bolt
 11038 | D:10     | Found Byuriez's Demolitions Depot.
 11048 | D:10     | Bought a book of Flames for 420 gold pieces
 11055 | D:10     | Learned a level 4 spell: Sticky Flame
 11381 | D:10     | Found a roughly hewn altar of Beogh.
 11645 | D:11     | Found a frozen archway.
 11645 | D:11     | Found an iron altar of Okawaru.
 11651 | D:11     | Noticed a brown ugly thing
 11680 | IceCv    | Entered an ice cave
 12917 | IceCv    | Reached skill level 15 in Conjurations
 13694 | IceCv    | Noticed a death yak
 13725 | IceCv    | Killed a death yak
 13725 | IceCv    | Reached skill level 1 in Fire Magic
 13986 | IceCv    | Reached XP level 12. HP: 74/74 MP: 8/20
 14539 | IceCv    | Noticed a death yak
 14545 | IceCv    | Killed a death yak
 14621 | IceCv    | Noticed a frost giant
 14774 | IceCv    | Killed a frost giant
 16568 | D:10     | Bought a book of Annihilations for 1324 gold pieces
 16571 | D:10     | Upgraded the game from 0.22-a0-409-gb855193 to 0.22-a0-410-g97be04f
 16609 | D:10     | Found a staircase to the Lair.
 17013 | Lair:1   | Entered Level 1 of the Lair of Beasts
 17176 | Lair:1   | Found a labyrinth entrance.
 17186 | Lab      | Entered a labyrinth
 17428 | Lab      | Noticed a minotaur
 17702 | Lair:1   | Reached skill level 5 in Fire Magic
 19194 | Lair:2   | Gained mutation: You are in touch with the powers of death. [Mummy growth]
 19194 | Lair:2   | Reached XP level 13. HP: 79/79 MP: 15/26
 19934 | Lair:2   | Reached skill level 16 in Conjurations
 20956 | Lair:2   | Found a staircase to the Snake Pit.
 21804 | Lair:3   | Learned a level 5 spell: Fireball
 21999 | Lair:3   | Reached skill level 10 in Spellcasting
 22969 | Lair:3   | Found a staircase to the Shoals.
 23300 | Orc:1    | Entered Level 1 of the Orcish Mines
 23381 | Orc:1    | Noticed an orc warlord
 23385 | Orc:1    | Killed an orc warlord
 23627 | Orc:1    | Found a roughly hewn altar of Beogh.
 24264 | Orc:1    | Noticed Maurice
 24288 | Orc:1    | Killed Maurice
 24893 | Orc:2    | Entered Level 2 of the Orcish Mines
 25815 | Orc:2    | Found a roughly hewn altar of Beogh.
 25872 | Orc:2    | Found a staircase to the Elven Halls.
 26601 | Orc:2    | Reached XP level 14. HP: 85/85 MP: 8/29
 26776 | Orc:2    | Noticed Saint Roka
 27241 | Orc:2    | Killed Saint Roka
 27779 | Orc:2    | Found a roughly hewn altar of Beogh.
 27808 | Orc:2    | Found Beduiwu's General Store.
 27921 | Orc:2    | Found Ereu's Jewellery Emporium.
 27931 | Orc:2    | Bought an uncursed ring of see invisible for 165 gold pieces
 27931 | Orc:2    | Bought a cursed ring of resist corrosion for 187 gold pieces
 27931 | Orc:2    | Bought an uncursed amulet of magic regeneration for 330 gold pieces
 27931 | Orc:2    | Bought a +3 ring of dexterity for 172 gold pieces
 27941 | Orc:2    | Found Loubboji's Antique Armour Emporium.
 28048 | Orc:2    | Found Waimafamm's Antique Weapon Emporium.
 28056 | Orc:2    | Bought an ancient quarterstaff for 333 gold pieces
 28056 | Orc:2    | Bought a crude great sword for 425 gold pieces
 28056 | Orc:2    | Identified the +4 quarterstaff of the Vaults {venom, +Inv Str-2 Dex+7 SInv} (You bought it in a shop on level 2 of the Orcish Mines)
 28057 | Orc:2    | Identified the +11 great sword "Lifebane" {slice, Int+2} (You bought it in a shop on level 2 of the Orcish Mines)
 28075 | Orc:2    | Bought a fine plate armour for 868 gold pieces
 28075 | Orc:2    | Identified the +0 plate armour of Free Will {*Drain rC+ MP+9} (You bought it in a shop on level 2 of the Orcish Mines)
 28560 | Orc:2    | Bought a scroll of identify for 36 gold pieces
 28560 | Orc:2    | Bought a scroll of remove curse for 54 gold pieces
 28560 | Orc:2    | Bought a wand of iceblast (5) for 162 gold pieces
 29032 | Orc:1    | Found Imebbioxe's Antique Weapon Shoppe.
 29039 | Orc:1    | Bought a crystal scimitar for 216 gold pieces
 29039 | Orc:1    | Bought a faintly glowing flail for 204 gold pieces
 29040 | Orc:1    | Identified the cursed +1 scimitar of Conscience {venom, rC+ Str+3} (You bought it in a shop on level 1 of the Orcish Mines)
 29042 | Orc:1    | Identified the +8 flail of the Radish {crush, rPois MR- Dex+3} (You bought it in a shop on level 1 of the Orcish Mines)
 29442 | Lair:4   | Reached skill level 17 in Conjurations
 31735 | Lair:6   | Entered Level 6 of the Lair of Beasts
 32467 | Lair:6   | Found a runed door.
 32852 | Lair:6   | Reached skill level 10 in Fire Magic
 33135 | Lair:6   | Found a runed door.
 33138 | Lair:6   | Found a viscous altar of Jiyva.
 33140 | Lair:6   | Found a staircase to the Slime Pits.
 33382 | Lair:6   | Reached XP level 15. HP: 90/90 MP: 29/31
 33986 | Lair:6   | Got a warped whip
 33991 | Lair:6   | Identified the +4 whip "Zatauzuo" {slash, rPois} (You found it on level 6 of the Lair of Beasts)
 34515 | Lair:6   | Learned a level 9 spell: Fire Storm
 34619 | Snake:1  | Entered Level 1 of the Snake Pit
 34877 | Lair:2   | Upgraded the game from 0.22-a0-410-g97be04f to 0.22-a0-412-g2b68d14
 35452 | Snake:1  | Noticed Aizul
 36139 | Snake:1  | Killed Aizul
 36458 | Snake:2  | Slain by a salamander

Vault maps used:
D:1:      dpeg_arrival_lava_altar, glass_columns_a
D:2:      gammafunk_temple_overflow_arena, uniq_robin
D:3:      lemuel_coloured_pillars_altar, uniq_ijyb
D:4:      grunt_qazlal_sundering
D:5:      serial_column_ruins, column_ruins_hut, column_ruins_hut_water,
          column_ruins_grid_1, column_ruins_open_tiny,
          column_ruins_columns_straight, first_ration, serial_shops,
          kennysheep_mini, nrook_mini_vaults, uniq_sigmund, uniq_pikel,
          uniq_grinder
D:6:      yredelemnul_altar_generic, minmay_misc_feat_secret_circle,
          uniq_menkaure
D:7:      lemuel_bear_cage, temple_green, uniq_duvessa
D:8:      enter_ossuary_2
D:10:     erik_lair_island, minmay_orc_entry_temple_small, serial_shops, shop,
          shop, shop, shop, hangedman_pestilent_swarm, nicolae_blasting_shop,
          uniq_snorg
D:11:     basic_altar, portal_ice_cave_rime, minivault_4
Lair:1:   special_room, lab_entry_generic
Lair:2:   guppyfry_snake_entry_garden, st_stairs_11, grunt_megastairs_5,
          infiniplex_staircase_pool
Lair:3:   shoals_dummy_entry, infiniplex_staircase_pool_2, grunt_megastairs_3
Lair:4:   st_stairs_4, grunt_megastairs_2, minmay_lair_oklob_chamber
Lair:5:   minivault_27
Lair:6:   wormcave, hangedman_lair_in_review, slime_altar_2
Snake:1:  statue_in_the_mist_lemuel, uniq_aizul
Snake:2:  minmay_shop_grove
Orc:1:    serial_shops, nicolae_shop_trees, mines2_david, uniq_maurice
Orc:2:    grunt_orc_cross, basic_altar, guppyfry_orc_lava_fort
Lab:      labyrinth_hidden_loot, nicolae_lab_t_cross
Ossuary:  ossuary_tomb_2
IceCv:    ice_cave_caverns_02

Skill      XL: |  1  2  3  4  5  6  7  8  9 10 11 12 13 14 15 |
---------------+----------------------------------------------+-----
Conjurations   | 1 2 3 4 5 7 9 11 13 15 16 17 | 17.9
Spellcasting   | 5 9 11 12 13 | 13.1
Fire Magic     | 1 5 7 10 | 10.9
Dodging        | |  1.5
Stealth        | |  1.5
Summonings     | |  0.7
Translocations | |  0.7

Action                   |  1- 3 |  4- 6 |  7- 9 | 10-12 | 13-15 || total
-------------------------+-------+-------+-------+-------+-------++-------
Melee: Spear             |   112 |    34 |       |       |       ||   146
       Dagger            |       |    53 |     9 |       |       ||    62
       Whip              |       |       |   133 |   161 |    42 ||   336
       Staff             |       |       |       |       |    13 ||    13
 Cast: Magic Dart        |    51 |    98 |   177 |   291 |   105 ||   722
       Call Imp          |     2 |     2 |     9 |     1 |       ||    14
       Mephitic Cloud    |     1 |     4 |    21 |    25 |     9 ||    60
       Conjure Flame     |     1 |     4 |    30 |    91 |    62 ||   188
       Blink             |       |       |       |     6 |     1 ||     7
       Lightning Bolt    |       |       |       |   111 |    77 ||   188
       Sticky Flame      |       |       |       |    53 |    71 ||   124
       Fireball          |       |       |       |       |   321 ||   321
Invok: Call Merchant     |       |       |     1 |       |       ||     1
       Potion Petition   |       |       |       |       |     1 ||     1
 Abil: Evoke Invisibilit |       |       |       |     6 |     1 ||     7
Evoke: Wand              |       |       |     1 |    28 |    38 ||    67
  Use: Scroll            |       |     3 |     5 |    18 |    13 ||    39
 Stab: Confused          |       |     3 |     1 |       |       ||     4
Armor: Robe              |    31 |       |    31 |    59 |    38 ||   159
       Leather armour    |     4 |    11 |       |       |       ||    15
       Animal skin       |       |    17 |     1 |       |       ||    18
Dodge: Dodged            |    93 |    74 |    89 |   206 |   150 ||   612
       Deflected         |       |       |       |       |    12 ||    12

Table legend:
 A = Spawn XP
 B = Non-spawn XP
 C = Spawn XP percentage of total XP
 D = Spawn monster count
 E = Non-spawn monster count
 F = Spawn count percentage of total count
 G = Total turns spent on level
                    A         B        C        D         E        F      G
               +---------+---------+-------+---------+---------+-------+---------
         Total |       0 |  128853 |   0.0 |       0 |     692 |   0.0 | 36458
               +---------+---------+-------+---------+---------+-------+---------
           D:1 |       0 |      14 |   0.0 |       0 |       9 |   0.0 |   735
           D:2 |       0 |     160 |   0.0 |       0 |      33 |   0.0 |  1538
           D:3 |       0 |      79 |   0.0 |       0 |      12 |   0.0 |   948
           D:4 |       0 |     233 |   0.0 |       0 |      14 |   0.0 |   965
           D:5 |       0 |    1635 |   0.0 |       0 |      15 |   0.0 |  1599
           D:6 |       0 |    1188 |   0.0 |       0 |      19 |   0.0 |  1044
           D:7 |       0 |     304 |   0.0 |       0 |       9 |   0.0 |   524
           D:8 |       0 |    3642 |   0.0 |       0 |      39 |   0.0 |  1179
           D:9 |       0 |    2210 |   0.0 |       0 |      13 |   0.0 |   541
          D:10 |       0 |    5628 |   0.0 |       0 |      47 |   0.0 |  2802
          D:11 |       0 |    3444 |   0.0 |       0 |      37 |   0.0 |  1626
          D:12 |       0 |    2309 |   0.0 |       0 |       6 |   0.0 |   113
        Lair:1 |       0 |    6120 |   0.0 |       0 |      48 |   0.0 |  2997
        Lair:2 |       0 |    5278 |   0.0 |       0 |      22 |   0.0 |  1573
        Lair:3 |       0 |    4558 |   0.0 |       0 |      16 |   0.0 |  1982
        Lair:4 |       0 |   10195 |   0.0 |       0 |      33 |   0.0 |  1409
        Lair:5 |       0 |    6925 |   0.0 |       0 |      26 |   0.0 |  1311
        Lair:6 |       0 |   24324 |   0.0 |       0 |      62 |   0.0 |  2574
       Snake:1 |       0 |   11399 |   0.0 |       0 |      19 |   0.0 |  1366
       Snake:2 |       0 |    1910 |   0.0 |       0 |       3 |   0.0 |   191
         Orc:1 |       0 |    9271 |   0.0 |       0 |      62 |   0.0 |  2621
         Orc:2 |       0 |   17534 |   0.0 |       0 |      81 |   0.0 |  2847
           Lab |       0 |     220 |   0.0 |       0 |       1 |   0.0 |   304
       Ossuary |       0 |     215 |   0.0 |       0 |      30 |   0.0 |   395
         IceCv |       0 |   10058 |   0.0 |       0 |      36 |   0.0 |  3274
               +---------+---------+-------+---------+---------+-------+---------
